 Dungeon Crawl Stone Soup version 0.20-a0-1026-gc3ddcbd (webtiles) character file.

16279 dvd the Carver (level 12, -26/178 HPs)
             Began as a Troll Berserker on Apr 20, 2017.
             Was a High Priest of Trog.
             Annihilated by a tengu reaver
             ... wielding a +0 great mace
              (29 damage)
             ... on level 11 of the Dungeon.
             The game lasted 00:26:16 (8618 turns).

dvd the Carver (Troll Berserker)                    Turns: 8618, Time: 00:26:17

Health: -26/178    AC: 10    Str: 32    XL:     12   Next: 8%
Magic:  11/11      EV: 14    Int:  3    God:    Trog [*****.]
Gold:   337        SH:  3    Dex: 12    Spells: 11/11 levels left

rFire    + . .     SeeInvis .   a - +4 long sword (drain)
rCold    + . .     Gourm    +   (no shield)
rNeg     . . .     Faith    .   z - +2 robe {rC+ rF+}
rPois    .         Spirit   .   (helmet restricted)
rElec    .         Reflect  +   L - +2 cloak
rCorr    .         Harm     .   (gloves unavailable)
MR       .....                  (boots unavailable)
Stlth    ..........             x - +3 amulet of reflection
Regen    1.2/turn               p - -2 ring of strength (curse)
MPRegen  0.2/turn               (no ring)

@: berserking, very quick
A: unfitting armour, claws 3, fast metabolism 3, gourmand, regeneration 2,
shaggy fur 1, tough skin 2, MP-powered wands
a: Berserk, Trog's Hand, Brothers in Arms, Burn Spellbooks, Renounce Religion


You were on level 11 of the Dungeon.
You worshipped Trog.
Trog was extremely pleased with you.
You were full.

You visited 2 branches of the dungeon, and saw 14 of its levels.

You collected 447 gold pieces.
You spent 110 gold pieces at shops.

Inventory:

Hand Weapons
 a - a +4 long sword of draining (weapon)
 b - a cursed +3 battleaxe
 t - a +0 vampiric mace
 y - a +2 falchion
 G - a +1 hand axe of chopping
Missiles
 n - 4 javelins
 v - 21 tomahawks
 F - a large rock (quivered)
 H - 4 poisoned javelins
Armour
 z - a +2 robe of resistance (worn)
 C - +0 steam dragon scales
 L - a +2 cloak (worn)
Jewellery
 p - a cursed -2 ring of strength (left claw)
 x - a +3 amulet of reflection (around neck)
 E - an uncursed ring of fire
Wands
 o - a wand of random effects (22/48)
 s - a wand of digging (11/24)
 I - a wand of iceblast (14/15)
 K - a wand of confusion (25/48)
 N - a wand of iceblast (6/15)
Scrolls
 d - a scroll of fog
 e - 4 scrolls of recharging
 h - a scroll of teleportation
 i - 7 scrolls of identify
 B - a scroll of vulnerability {unknown}
 D - a scroll of enchant armour
Potions
 f - 5 potions of agility
 g - 6 potions of curing
 k - a potion of cancellation
 l - a potion of lignification
 q - a potion of mutation
 u - a potion of magic
 w - 2 potions of heal wounds
Comestibles
 c - 9 bread rations
 j - 14 royal jellies
 m - 3 meat rations
 r - 7 fruits
 A - 9 chunks of flesh


   Skills:
 + Level 8.0 Fighting
 + Level 11.2 Long Blades
 + Level 4.5 Maces & Flails
 + Level 3.8 Throwing
 + Level 8.3 Dodging
 + Level 1.9 Stealth


You had 11 spell levels left.
You didn't know any spells.

Dungeon Overview and Level Annotations

Branches:
Dungeon (13/15)            Temple (1/1) D:7            Lair (0/6) D:9
    Orc (0/2) D:11         Vaults (0/5) D:13

Altars:
Ashenzari
Cheibriados
Dithmenos
Elyvilon
Fedhas
Gozag
Hepliaklqana
Kikubaaqudgha
Makhleb
Nemelex Xobeh
Okawaru
Qazlal
Ru
Sif Muna
Trog
Uskayaw
Vehumet
Wu Jian
Xom
Yredelemnul
Zin
The Shining One

Shops:
D:4 *

Annotations:
D:12 Frances


Innate Abilities, Weirdness & Mutations

You are too large for most types of armour.
You have claws for hands.
Your metabolism is lightning-fast.
You like to eat raw meat.
You heal very quickly.
You are covered in fur. (AC +1)
You have very tough skin. (AC +2)
You expend magic power (3 MP) to strengthen your wands.


Message History

The fire giant is almost dead.
The tengu reaver hits you with a great mace!!
* * * LOW HITPOINT WARNING * * *
The tengu reaver pecks you but does no damage.
You block the tengu reaver's attack.
Unknown command.
You slash the fire giant!
You kill the fire giant!
Trog accepts your kill.
Trog appreciates your killing of a magic user.
Your Fighting skill increases to level 8!
You have reached level 12!
Your experience leads to an increase in your attributes!
Your base attributes are Str 28, Int 3, Dex 11.
Increase (S)trength, (I)ntelligence, or (D)exterity?
You feel agile.
You feel stronger.
Unknown command.
You miss the tengu reaver.
The tengu reaver hits you with a great mace!!
You die...

...............#
######'#####.#
#.........#.#
#.#.#.#.#.#.#
#.........#.#
.#####.#.#.#.#(#.#
.V*..)*..Q.C...(.##
.#.###)#.#.#.#.#Q*#
#..##.........#@.#
#..##.#.#.#.#.#).#
#####.........#))#
## #####+#####..#
##..#..##..#(.#
###.##.#.#.##(.#
#.### ##..###..# C#
.## #..##.##(.# DQ
#+.# .###..'..#


You could see a tengu reaver and a battlesphere.

Vanquished Creatures
  A sphinx (D:11)
  A fire giant (D:11)
  A centaur warrior (D:11)
  A two-headed ogre (D:11)
  A tengu warrior (D:11)
  2 ugly things (D:13)
  A cyclops (D:12)
  Maurice (D:8)
  A gargoyle (D:10)
  2 hornets
  A hippogriff (D:8)
  A steam dragon (D:9)
  Eustachio (D:5)
  9 yaks
  2 wyverns
  A hungry ghost (D:11)
  Menkaure (D:7)
  2 soldier ants
  Duvessa (D:6)
  A water moccasin (D:10)
  3 sky beasts (D:7)
  A black bear (D:9)
  3 ice beasts
  4 orc warriors
  2 necrophages
  An eye of draining (D:8)
  6 ogres
  A phantom (D:7)
  7 centaurs
  A big kobold (D:13)
  3 bullfrogs
  Blork the orc (D:4)
  A gnoll sergeant (D:5)
  Dowan (D:6)
  5 scorpions
  3 killer bees
  5 wights (D:8)
  4 howler monkeys
  2 centaur zombies
  A bullfrog zombie (D:13)
  5 crimson imps
  11 hounds
  A jelly (D:9)
  7 orc priests
  10 orc wizards
  6 iguanas
  11 worker ants
  A killer bee zombie (D:7)
  2 hound zombies
  2 hound skeletons
  8 gnolls
  2 howler monkey skeletons
  11 adders
  4 shadow imps
  2 oozes
  An adder zombie (D:8)
  2 adder skeletons
  5 worms
  3 dart slugs
  6 leopard geckos
  37 orcs
  2 ball pythons
  8 giant cockroaches
  2 gnoll zombies (D:9)
  12 goblins
  9 hobgoblins
  7 jackals (D:6)
  13 kobolds
  10 quokkas
  4 bats
  7 frilled lizards
  2 jackal skeletons (D:7)
  A jackal zombie (D:5)
  A leopard gecko skeleton (D:5)
  11 rats
313 creatures vanquished.

Vanquished Creatures (collateral kills)
  A two-headed ogre (D:11)
  An orc sorcerer (D:11)
  A manticore (D:11)
  A gargoyle (D:11)
  A hornet (D:11)
  A hippogriff (D:11)
  An ice beast (D:11)
  An orc warrior (D:11)
  A howler monkey (D:11)
  3 wights (D:8)
  A shadow imp (D:11)
  An orc (D:11)
  A jackal (D:11)
15 creatures vanquished.

Grand Total: 328 creatures vanquished

Notes
Turn   | Place    | Note
-------+----------+-------------------------------------------
     0 | D:1      | dvd the Troll Berserker began the quest for the Orb.
     0 | D:1      | Reached XP level 1. HP: 22/22 MP: 0/0
   136 | D:1      | Reached XP level 2. HP: 29/29 MP: 1/1
   891 | D:2      | Reached XP level 3. HP: 23/36 MP: 2/2
   953 | D:2      | Reached ** piety under Trog
  1384 | D:2      | Reached XP level 4. HP: 36/44 MP: 3/3
  1935 | D:3      | Reached XP level 5. HP: 53/53 MP: 4/4
  1958 | D:3      | Reached *** piety under Trog
  2339 | D:4      | Reached XP level 6. HP: 61/61 MP: 5/5
  2464 | D:4      | Reached skill level 1 in Long Blades
  2572 | D:4      | Found Veumo's Assorted Antiques.
  2581 | D:4      | Bought a dented diamond amulet for 110 gold pieces
  2729 | D:4      | Noticed Blork the orc
  2735 | D:4      | Killed Blork the orc
  2812 | D:5      | Entered Level 5 of the Dungeon
  2843 | D:5      | Noticed Eustachio
  2853 | D:5      | Reached skill level 2 in Long Blades
  2853 | D:5      | Reached skill level 1 in Throwing
  2853 | D:5      | Reached XP level 7. HP: 66/68 MP: 6/6
  2884 | D:5      | Killed Eustachio
  2884 | D:5      | Reached skill level 3 in Long Blades
  3157 | D:5      | Reached skill level 4 in Long Blades
  3386 | D:5      | Reached XP level 8. HP: 77/78 MP: 7/7
  3511 | D:6      | Reached **** piety under Trog
  3511 | D:6      | Received a gift from Trog
  3553 | D:6      | Noticed Duvessa
  3553 | D:6      | Noticed Dowan
  3561 | D:6      | Killed Duvessa
  3566 | D:6      | Killed Dowan
  3566 | D:6      | Reached skill level 5 in Long Blades
  3670 | D:6      | Received a gift from Trog
  3862 | D:6      | Found an opulent altar of Gozag.
  3895 | D:6      | Found a faded altar of an unknown god.
  3895 | D:6      | Found a faded altar of an unknown god.
  3900 | D:6      | Found a shadowy altar of Dithmenos.
  3902 | D:6      | Found a bloodstained altar of Trog.
  3903 | D:6      | Found a shattered altar of Ashenzari.
  4081 | D:7      | Reached skill level 5 in Fighting
  4081 | D:7      | Reached skill level 5 in Dodging
  4081 | D:7      | Reached skill level 1 in Stealth
  4157 | D:7      | Found a burning altar of Makhleb.
  4164 | D:7      | Noticed a balrug
  4166 | D:7      | Found a glowing silver altar of Zin.
  4166 | D:7      | Noticed an angel
  4172 | D:7      | Reached XP level 9. HP: 88/88 MP: 8/8
  4200 | D:7      | Noticed Menkaure
  4209 | D:7      | Killed Menkaure
  4218 | D:7      | Reached skill level 6 in Long Blades
  4300 | D:7      | Gained mutation: You heal very quickly. [mutagenic meat]
  4304 | D:7      | Gained mutation: You have a pair of small horns on your head. [mutagenic meat]
  4305 | D:7      | Gained mutation: Your spells are a little easier to cast, but a little less powerful. [mutagenic meat]
  4307 | D:7      | Lost mutation: Your spells are a little easier to cast, but a little less powerful. [mutagenic meat]
  4374 | D:7      | Found a staircase to the Ecumenical Temple.
  4794 | Temple   | Entered the Ecumenical Temple
  5068 | D:8      | Reached skill level 7 in Long Blades
  5181 | D:8      | Noticed Maurice
  5217 | D:8      | Killed Maurice
  5428 | D:8      | Reached ***** piety under Trog
  5566 | D:8      | Reached skill level 8 in Long Blades
  5577 | D:8      | Reached XP level 10. HP: 92/98 MP: 9/9
  6418 | D:9      | Reached skill level 9 in Long Blades
  6458 | D:9      | Found a blossoming altar of Fedhas.
  6474 | D:9      | Found a staircase to the Lair.
  6547 | D:9      | Found a basalt altar of Yredelemnul.
  6765 | D:9      | Found a sacrificial altar of Ru.
  6850 | D:10     | Entered Level 10 of the Dungeon
  6850 | D:10     | Noticed a gargoyle
  6858 | D:10     | Killed a gargoyle
  6993 | D:10     | Lost mutation: You have a pair of small horns on your head. [potion of mutation]
  6993 | D:10     | Lost mutation: You heal very quickly. [potion of mutation]
  6993 | D:10     | Gained mutation: You expend magic power (3 MP) to strengthen your wands. [potion of mutation]
  6993 | D:10     | Gained mutation: You heal very quickly. [potion of mutation]
  7129 | D:10     | Received a gift from Trog
  7236 | D:10     | Reached XP level 11. HP: 81/107 MP: 10/10
  7943 | D:11     | Noticed a two-headed ogre
  7959 | D:11     | Killed a two-headed ogre
  7987 | D:11     | You fall through a shaft for 2 floors!
  8037 | D:13     | Noticed a purple ugly thing
  8052 | D:13     | Killed a purple ugly thing
  8052 | D:13     | Reached skill level 10 in Long Blades
  8088 | D:13     | Noticed a green ugly thing
  8109 | D:13     | Killed a green ugly thing
  8213 | D:13     | Noticed a red ugly thing
  8214 | D:13     | Noticed a vault guard
  8215 | D:13     | Noticed a vault guard
  8215 | D:13     | Noticed a seven-headed hydra
  8215 | D:13     | Found a gate to the Vaults.
  8215 | D:13     | Noticed a vault guard
  8215 | D:13     | Noticed a vault guard
  8216 | D:13     | Noticed a two-headed ogre
  8221 | D:13     | Noticed a centaur warrior
  8345 | D:12     | Noticed Frances
  8348 | D:11     | Found a staircase to the Orcish Mines.
  8421 | D:11     | Noticed a centaur warrior
  8422 | D:11     | Noticed a tengu warrior
  8434 | D:11     | Noticed a two-headed ogre
  8441 | D:11     | Killed a centaur warrior
  8448 | D:11     | Killed a two-headed ogre
  8459 | D:11     | Killed a tengu warrior
  8559 | D:11     | Noticed a tengu reaver
  8559 | D:11     | Noticed a vampire knight
  8563 | D:11     | Noticed an orc sorcerer
  8563 | D:11     | Noticed a storm dragon
  8564 | D:11     | Noticed a fire giant
  8565 | D:11     | Noticed a stone giant
  8567 | D:11     | Noticed an ice dragon
  8568 | D:11     | Noticed a tengu reaver
  8581 | D:11     | Killed an orc sorcerer
  8584 | D:11     | Noticed a sphinx
  8590 | D:11     | Paralysed by a sphinx for 3 turns
  8608 | D:11     | Killed a sphinx
  8608 | D:11     | Reached skill level 11 in Long Blades
  8616 | D:11     | HP: 1/166 [tengu reaver/great mace (31)]
  8617 | D:11     | Killed a fire giant
  8617 | D:11     | Reached XP level 12. HP: 2/119 MP: 11/11
  8618 | D:11     | Annihilated by a tengu reaver

Vault maps used:
D:1:      roderic_crop_circles_arrival_small, minmay_misc_feat_encased,
          minmay_distorted
D:2:      minmay_bisected
D:4:      cheibrodos_quashed, serial_shops, nicolae_shop_trees,
          uniq_blork_the_orc
D:5:      first_bread, uniq_eustachio
D:6:      chequers_temple_overflow_minitemple, nicolae_gozag_seed_capital,
          uniq_duvessa
D:7:      grunt_temple_overflow_order_and_chaos_2, minmay_temple_entry_fiery,
          uniq_menkaure
D:8:      hangedman_pestilent_swarm, uniq_maurice
D:9:      marbit_many_paths, lemuel_zombie_altar_yredelemnul, lair_entry_dummy,
          basic_altar
D:11:     orc_0_dummy, minmay_the_grid_2x2
D:12:     uniq_frances, uniq_josephine
D:13:     lightli_vaults_fourway_checkpoint
Temple:   bh_familiar_temple

Skill      XL: |  1  2  3  4  5  6  7  8  9 10 11 |
---------------+----------------------------------+-----
Maces & Flails | 3 4 |  4.5
Dodging        | 3 4 5 7 8 |  8.3
Fighting       | 3 4 5 6 8 |  8.0
Long Blades    | 2 4 5 8 9 11 | 11.2
Throwing       | 1 2 3 |  3.8
Stealth        | 1 |  1.9

Action                   |  1- 3 |  4- 6 |  7- 9 | 10-12 || total
-------------------------+-------+-------+-------+-------++-------
Melee: Mace              |   120 |    77 |       |       ||   197
       Long sword        |       |    82 |   297 |   377 ||   756
       Headbutt          |       |       |    18 |    37 ||    55
Throw: Tomahawk          |       |     4 |    12 |       ||    16
       Large rock        |       |       |    26 |    14 ||    40
       Javelin           |       |       |     1 |     5 ||     6
Invok: Berserk           |     1 |     5 |     3 |     6 ||    15
       Trog's Hand       |       |       |     1 |     6 ||     7
       Brothers in Arms  |       |       |       |     3 ||     3
       Burn Spellbooks   |       |       |       |     1 ||     1
  Use: Scroll            |       |       |    13 |     3 ||    16
       Potion            |       |       |       |    10 ||    10
 Stab: Sleeping          |     1 |       |     2 |     2 ||     5
  Eat: Chunk             |    19 |    19 |    35 |    36 ||   109
Armor: Animal skin       |    58 |    63 |    85 |       ||   206
       Robe              |       |       |     6 |   116 ||   122
Dodge: Dodged            |    86 |   105 |   173 |   220 ||   584
Block: Other             |       |     1 |    40 |    40 ||    81
       Reflection        |       |       |     1 |     1 ||     2
       Rpst.: Long sword |       |    20 |    43 |    62 ||   125
